AoeStats
← 落花之情

Arena

506221192Analyzed
4v4 RM · 19d ago on Sep 12, 2026· 44m 19s· 8 players
Game mode
Random Map
Map size
Large (8 player)
Population
200
Speed
Normal
Resources
Standard
Victory
Conquest
Starting age
Dark Age
Ending age
Imperial Age
RankedLock teamsTeams togetherTeam positionsShared explorationLock speedFull tech treeHidden civsTurbo modeCheats
Victory
Defeat
🇨🇳 Chinese · China
1666
+21
🇩🇿 Vietnamese · Algeria
1630
+22
🇨🇳 Mongols · China
1589
+23
🇵🇪 Slavs · Peru
1543
+25
🇩🇪 Jurchens · Germany
1855
-26
🇧🇷 Huns · Brazil
1762
-23
🇦🇷 Cumans · Argentina
1752
-22
🇦🇷 Saracens · Argentina
1677
-20
Mafioso_
10:56 Feudal Age
15:15 Castle Age
13:09 Double-Bit Axe
13:04 Horse Collar
16:12 Bow Saw
16:54 Wheelbarrow
24:07 Heavy Plow
25:49 Gold Mining
25:55 Loom
26:46 Hand Cart
28:50 Gold Shaft Mining
31:35 Imperial Age
29:12 Town Watch
29:39 Fletching
30:07 Bloodlines
29:57 Husbandry
30:26 Ballistics
30:42 Bodkin Arrow
30:51 Stone Mining
32:21 Bracer
31:45 Heavy Cavalry Archer
32:47 Thumb Ring
32:44 Padded Archer Armor
33:29 Parthian Tactics
34:10 Light Cavalry
34:56 Scale Barding Armor
35:20 Leather Archer Armor
36:06 Chemistry
35:41 Cavalier
36:38 Forging
37:28 Conscription
37:50 Chain Barding Armor
41:11 Elite Skirmisher
G5
11:06 Feudal Age
14:57 Castle Age
13:07 Horse Collar
13:36 Double-Bit Axe
14:59 Scale Barding Armor
16:49 Bow Saw
22:28 Fletching
24:19 Loom
28:22 Wheelbarrow
27:32 Town Watch
28:42 Heavy Plow
29:59 Gold Mining
30:00 Stone Mining
30:28 Hand Cart
30:19 Husbandry
34:22 Imperial Age
32:55 Chain Barding Armor
33:17 Forging
33:35 Bloodlines
33:36 Light Cavalry
35:03 Masonry
35:41 Plate Barding Armor
35:27 Conscription
34:43 Elite Mameluke
36:01 Iron Casting
36:00 Treadmill Crane
37:23 Chemistry
40:24 Hussar
[SotC] Klovn
6:23 Loom
6:34 Loom
9:23 Feudal Age
9:57 Double-Bit Axe
19:43 Wheelbarrow
19:14 Town Watch
21:40 Horse Collar
26:15 Castle Age
25:45 Gold Mining
27:16 Heavy Plow
28:29 Hand Cart
30:02 Bow Saw
30:40 Scale Barding Armor
30:45 Forging
33:36 Imperial Age
31:48 Chain Barding Armor
31:54 Bloodlines
31:37 Capped Ram
34:04 Iron Casting
33:45 Cavalier
35:11 Plate Barding Armor
37:40 Crop Rotation
39:57 Masonry
41:23 Paladin
42:09 Light Cavalry
44:25 Fletching
45:44 Blast Furnace
Jan Itor
9:38 Feudal Age
9:45 Man-at-Arms
10:48 Double-Bit Axe
11:11 Scale Mail Armor
12:14 Horse Collar
16:40 Wheelbarrow
20:21 Castle Age
21:35 Bow Saw
21:26 Heavy Plow
31:00 Imperial Age
28:16 Loom
29:10 Ballistics
29:37 Hand Cart
29:41 Padded Archer Armor
30:17 Siege Engineers
30:53 Leather Archer Armor
33:39 Thunderclap Bombs
34:50 Heavy Rocket Cart
35:52 Treadmill Crane
37:15 Chemistry
36:57 Conscription
36:03 Pikeman
37:22 Squires
37:45 Chain Mail Armor
37:41 Forging
37:17 Halberdier
38:53 Coinage
39:30 Crop Rotation
40:00 Two-Man Saw
40:34 Banking
40:55 Iron Casting
40:52 Ring Archer Armor
41:29 Hoardings
42:10 Caravan
44:28 Fortified Bastions
EagleWarrior420
11:20 Feudal Age
12:12 Loom
13:01 Fletching
18:05 Double-Bit Axe
18:01 Horse Collar
22:32 Wheelbarrow
26:02 Castle Age
27:27 Gold Mining
27:48 Bow Saw
30:23 Imperial Age
28:28 Bodkin Arrow
28:45 Padded Archer Armor
29:27 Ballistics
31:07 Bracer
32:26 Chemistry
44:00 Leather Archer Armor
CopoDeNieve
11:27 Feudal Age
15:19 Castle Age
13:49 Double-Bit Axe
15:06 Horse Collar
17:36 Bow Saw
23:23 Heavy Plow
24:25 Wheelbarrow
25:05 Loom
25:46 Hand Cart
25:52 Stone Mining
25:53 Gold Mining
29:38 Imperial Age
26:44 Man-at-Arms
27:24 Squires
27:13 Town Watch
28:06 Gold Shaft Mining
28:05 Long Swordsman
30:00 Scale Mail Armor
30:39 Conscription
29:43 Two-Handed Swordsman
29:46 Pikeman
30:58 Chain Mail Armor
31:19 Crop Rotation
30:50 Champion
32:46 Plate Mail Armor
32:29 Forging
32:03 Halberdier
33:23 Fletching
34:09 Iron Casting
34:04 Ballistics
34:44 Chemistry
34:42 Elite Boyar
35:11 Light Cavalry
36:02 Bloodlines
35:54 Husbandry
36:01 Scale Barding Armor
37:26 Chain Barding Armor
38:08 Blast Furnace
37:05 Bodkin Arrow
38:56 Plate Barding Armor
41:53 Two-Man Saw
40:34 Capped Ram
40:36 Heavy Scorpion
42:44 Padded Archer Armor
43:49 Siege Ram
Bz_青红
9:44 Feudal Age
13:13 Castle Age
11:35 Horse Collar
12:29 Double-Bit Axe
20:18 Wheelbarrow
19:30 Loom
20:45 Bow Saw
20:39 Heavy Plow
23:56 Hand Cart
26:08 Fletching
30:52 Imperial Age
28:30 Bodkin Arrow
28:41 Gold Mining
30:24 Ballistics
30:42 Thumb Ring
31:22 Bloodlines
31:37 Bracer
33:32 Chemistry
33:02 Conscription
32:22 Elite Mangudai
33:43 Parthian Tactics
33:34 Padded Archer Armor
34:38 Leather Archer Armor
34:00 Capped Ram
35:35 Drill
35:07 Siege Ram
37:07 Coinage
38:45 Banking
44:42 Husbandry
44:48 Scale Barding Armor
44:54 Forging
落花之情
10:33 Feudal Age
14:15 Castle Age
12:32 Double-Bit Axe
12:54 Horse Collar
15:24 Bow Saw
16:59 Scale Mail Armor
23:25 Squires
22:45 Pikeman
23:43 Chain Mail Armor
25:35 Squires
27:19 Wheelbarrow
27:24 Loom
28:33 Bow Saw
28:41 Forging
28:38 Heavy Plow
28:26 Town Watch
29:46 Hand Cart
30:20 Stone Mining
30:21 Gold Mining
33:54 Imperial Age
31:31 Fletching
32:22 Stone Mining
32:22 Gold Mining
32:57 Forging
33:40 Fortified Wall
33:50 Ballistics
34:31 Iron Casting
34:37 Gold Shaft Mining
33:54 Stone Mining
34:07 Great Wall
33:57 Elite Fire Lancer
35:08 Plate Mail Armor
35:00 Conscription
34:41 Capped Ram
36:22 Guard Tower
37:33 Blast Furnace
36:29 Bodkin Arrow
38:02 Stone Shaft Mining
38:13 Keep
38:39 Chemistry
37:50 Masonry
38:02 Siege Ram
38:05 Pikeman
39:35 Bracer
39:05 Halberdier
39:06 Halberdier
40:35 Murder Holes
41:53 Two-Man Saw
Connection lost

Rejoining the realm…

Still unreachable

The connection could not be restored.

Session expired

The server has moved on; the page needs a fresh start.